 Dungeon Crawl Stone Soup version 0.16-a0-922-gae79c9c (webtiles) character file.

134617 PolkaDot the Convoker (level 16, -3/110 HPs)
             Began as a Vampire Summoner on Sept 29, 2014.
             Was the Champion of Sif Muna.
             Killed from afar by a deep elf annihilator (37 damage)
             ... with a bolt of lightning
             ... on Level 3 of the Elven Halls on Sept 30, 2014.
             The game lasted 04:54:10 (44021 turns).

PolkaDot the Convoker (Vampire Summoner)           Turns: 44021, Time: 04:54:10

HP  -3/110       AC 20     Str  7      XL: 16   Next: 32%
MP  18/35        EV 11     Int 33      God: Sif Muna [******]
Gold 1376        SH  6     Dex 14      Spells:  7 memorised,  5 levels left

rFire  . . .     SeeInvis +     a - +6 demon trident (drain)
rCold  + . .     Clarity  .     i - +4 troll leather armour
rNeg   . . .     rCorr    .     L - +1 buckler {rC+}
rPois  .         rRot     .     o - +2 helmet {Int+3}
rElec  .         Spirit   .     g - +2 cloak "Diumeuru" {+Inv Int+3 Curse}
SustAb .         Warding  .     N - +2 pair of gloves
rMut   +         Stasis   .     d - +2 pair of boots
Gourm  .                        r - amulet of resist mutation
MR     +....                    c - +3 ring of slaying
                                R - ring of wizardry

@: brilliant, about to teleport, dragon's call, very slightly contaminated,
regenerating, hasted, drained, very quick, somewhat resistant to hostile
enchantments, unstealthy
A: bottle blood, fangs 3, see invisible, unbreathing
a: Bottle Blood, Channel Energy, Forget Spell, Renounce Religion, Evoke
Invisibility
}: 1/15 runes: decaying


You were on level 3 of the Elven Halls.
You worshipped Sif Muna.
Sif Muna was exalted by your worship.
You were very full.

You visited 6 branches of the dungeon, and saw 36 of its levels.
You also visited: Labyrinth, Bailey, Ice Cave and Volcano.

You collected 3313 gold pieces.
You spent 1937 gold pieces at shops.

Inventory:

Hand weapons
 a - a +6 demon trident of draining (weapon)
Missiles
 m - a throwing net (quivered)
Armour
 d - a +2 pair of boots (worn)
 g - the +2 cloak "Diumeuru" (worn) {+Inv Int+3 Curse}
   (You acquired it on level 14 of the Dungeon)

   It affects your intelligence (+3).
   It lets you turn invisible.
   It may recurse itself when equipped.
 i - a +4 troll leather armour (worn)
 o - a +2 helmet of intelligence (worn)
 L - a +1 buckler of cold resistance (worn)
 N - a +2 pair of gloves (worn)
Magical devices
 f - a wand of slowing (13)
 n - a wand of disintegration (9)
 y - a wand of digging (15)
 F - a wand of polymorph (15)
 M - a wand of fireball (2)
 S - a wand of invisibility (3)
 T - a wand of flame (14)
 Y - a wand of draining (7)
Scrolls
 e - 5 scrolls of teleportation
 p - 2 scrolls of torment
 q - 4 scrolls of recharging
 t - 6 scrolls of identify
 v - 7 scrolls of remove curse
 x - a scroll of silence
 B - 4 scrolls of immolation
 H - a scroll of vulnerability
 K - 2 scrolls of fog
Jewellery
 c - a +3 ring of slaying (right hand)
 r - an amulet of resist mutation (around neck)
 R - a ring of wizardry (left hand)
Potions
 j - 6 potions of blood {@*1}
 u - 6 potions of restore abilities
 E - 2 potions of cancellation
 G - 4 potions of berserk rage
 I - 2 potions of flight
 J - a potion of cure mutation {!q}
 O - a potion of resistance
 P - 7 potions of haste
 Q - 2 potions of mutation {!q}
 Z - a potion of lignification
Books
 b - a book of Frost

   Spells                             Type                      Level
   Freeze                             Ice                          1
   Throw Frost                        Conjuration/Ice              2
   Ozocubu's Armour                   Charms/Ice                   3
   Throw Icicle                       Conjuration/Ice              4
   Summon Ice Beast                   Ice/Summoning                4
   Condensation Shield                Ice                          4
 h - a book of Enchantments

   Spells                             Type                      Level
   Tukima's Dance                     Hexes                        3
   Cause Fear                         Hexes                        4
   Silence                            Hexes/Air                    5
   Deflect Missiles                   Charms/Air                   6
   *Haste                             Charms                       6
   Discord                            Hexes                        8
 k - a book of the Dragon

   Spells                             Type                      Level
   Flight                             Charms/Air                   3
   Cause Fear                         Hexes                        4
   Bolt of Fire                       Conjuration/Fire             6
   Dragon Form                        Transmutation                7
   *Dragon's Call                     Summoning                    9
 l - a Grand Grimoire

   Spells                             Type                      Level
   Aura of Abjuration                 Summoning                    6
   Forceful Dismissal                 Summoning                    6
   Summon Greater Demon               Summoning                    7
   Malign Gateway                     Summoning/Translocation      7
   Summon Horrible Things             Summoning                    8
Magical staves
 s - an uncursed staff of energy


   Skills:
 - Level 5.5(5.1) Fighting
 - Level 3.6(3.2) Dodging
 - Level 3.0(2.6) Stealth
 - Level 5.0(4.7) Shields
 + Level 11.6(11.2) Spellcasting
 - Level 10.3(9.9) Hexes
 - Level 10.2(9.8) Charms
 * Level 18.8(18.2) Summonings
 - Level 4.8(4.4) Translocations
   Level 5.4(5.0) Ice Magic
 - Level 8.5(8.1) Invocations


You had 5 spell levels left.
You knew the following spells:

 Your Spells              Type           Power        Failure   Level  Hunger
d - Dragon's Call         Summ           ########..   21%         9    #######
h - Summon Hydra          Summ           ########..   1%          7    ######.
q - Blink                 Tloc           N/A          1%          2    None
r - Regeneration          Chrm/Necr      ######....   1%          3    None
v - Summon Mana Viper     Hex/Summ       #######.     1%          5    None
A - Apportation           Tloc           ######....   1%          1    None
H - Haste                 Chrm           #######.     1%          6    ####...


Dungeon Overview and Level Annotations

Branches:
Dungeon (15/15)            Temple (1/1) D:7             Orc (4/4) D:9
    Elf (3/3) Orc:4          Lair (8/8) D:8           Swamp (5/5) Lair:4
 Spider (0/5) Lair:4        Slime (0/6) Lair:8       Vaults (0/5) D:14
 Depths: D:15

Altars:
Ashenzari
Cheibriados
Dithmenos
Elyvilon
Fedhas
Gozag
Makhleb
Nemelex Xobeh
Okawaru
Qazlal
Ru
Sif Muna
Trog
Vehumet
Xom
Yredelemnul
Zin
The Shining One
Jiyva

Shops:
D:8 :   D:10 [([!%   Orc:4 (:*[   Elf:2 [

Annotations:
D:8 Masty's ghost, experienced TrBe


Innate Abilities, Weirdness & Mutations

Your natural rate of healing is unusually fast.
You can bottle blood from corpses.
You have razor-sharp teeth.
You have supernaturally acute eyesight.
You can survive without breathing.


Message History

The spray of metal splinters hits the deep elf blademaster.
The spray of metal splinters hits the deep elf annihilator.
The deep elf annihilator dies!
Use which ability? (? or * to list)
You channel some magical energy.
You feel somewhat less full.
Your fire dragon bites the deep elf high priest!
Your fire dragon barely misses the deep elf high priest. x2
The deep elf sorcerer hits your iron dragon with a long sword!
Your shadow dragon misses the deep elf blademaster.
Your shadow dragon claws the deep elf blademaster!
Your shadow dragon completely misses the deep elf blademaster.
Your golden dragon bites the deep elf high priest!
Your golden dragon claws the deep elf high priest!
Your golden dragon barely misses the deep elf high priest.
The deep elf blademaster hits your iron dragon with a cutlass.
The deep elf blademaster hits your iron dragon with a cutlass!
The deep elf high priest hits your fire dragon with a long sword!
The deep elf annihilator points at you and mumbles some strange words.
The bolt of lightning hits you!
You die...

................####'#
................'....#
................####.#
#'########'###### #.# #.#
#.#########)# #.# #.....).))..#
#.########..###.####.#
............# #..# #.#
################@#####
*#...D...#*
*****#.)..De...#*****
**,,#...e.D)D.....#,,**
***,,*#.....e.......#*,,***
**,,,*#..../D...).e...**,,,**
**,,,,*,..e.e.###..e..,,*,,,,**
*,,,,,*,,....#* *#...,,,*,,,,,*
*,,,,,*,,,..#* *#.,,,,*,,,,,*


You could see a deep elf blademaster, 2 deep elf annihilators, 2 deep elf
sorcerers, 2 deep elf high priests, a friendly shadow dragon, 2 friendly iron
dragons, a friendly golden dragon and a friendly fire dragon.

Vanquished Creatures
  3 centaur warriors (D:14)
  A death yak (Lair:8)
  An alligator (Swamp:3)
  An orc high priest (Elf:2)
  7 deep elf knights
  A swamp dragon (Swamp:5)
  A fire crab (Swamp:5)
  An ice statue (IceCv)
  A deep elf summoner (Elf:2)
  Pikel (D:7)
  3 deep elf conjurers
  A manticore (D:12)
  A red wasp (Swamp:3)
  2 elephants (Lair:7)
  A toenail golem (Volcano)
  A centaur zombie (D:14)
  A cyclops (Orc:4)
  A black mamba (Lair:7)
  A gargoyle (D:12)
  2 kobold demonologists (D:13)
  A fire drake (Swamp:5)
  A minotaur zombie (Lab)
  4 wandering mushrooms (Lab)
  3 deep elf priests
  2 komodo dragons
  2 blink frogs
  A two-headed ogre (D:11)
  A troll (D:14)
  2 baby alligators (Swamp:5)
  2 bog bodies
  A raven (D:13)
  A trapdoor spider (Lab)
  9 yaks
  2 deep elf magi
  3 vampire mosquitoes
  A spriggan (Swamp:3)
  A vampire (D:14)
  4 humans (Volcano)
  3 shadows
  5 deep elf fighters
  A hill giant zombie (D:14)
  Grum (Orc:4)
  A hog (D:7)
  6 hippogriffs
  2 hungry ghosts
  9 wolves
  2 hill giant skeletons
  10 swamp worms
  4 water moccasins
  6 porcupines
  A hell hound (D:14)
  2 slaves (D:7)
  2 swamp drakes
  6 ice beasts
  A sky beast (D:9)
  2 black bears
  2 mottled dragons
  A phantom (D:5)
  3 ogres (D:8)
  8 orc warriors
  4 necrophages
  A yellow wasp (D:13)
  2 centaurs
  15 crocodiles
  A big kobold (D:8)
  16 giant frogs
  A scorpion (D:13)
  A troll skeleton (D:13)
  A shapeshifter zombie (D:15)
  4 wights (D:6)
  8 electric eels
  2 killer bees (D:13)
  A spriggan skeleton (Lab)
  A lava snake (Swamp:5)
  A goliath beetle (D:8)
  A jelly (D:5)
  2 quasits
  A black bear zombie (D:5)
  2 centaur skeletons
  2 crimson imps
  A giant frog skeleton (D:4)
  2 elf zombies
  13 hounds
  9 iguanas
  7 orc priests
  An elf skeleton (D:8)
  8 orc wizards
  Natasha (D:3)
  12 worker ants
  14 sheep
  Ijyb (D:7)
  Jessica (D:3)
  2 hound skeletons
  13 adders
  3 gnolls
  40 green rats
  2 orc zombies
  2 giant mites
  3 shadow imps
  A white imp (Swamp:5)
  An ufetubus (D:13)
  4 worms
  An iguana zombie (D:6)
  3 oozes
  65 orcs
  A ball python (D:1)
  17 bats
  2 gnoll zombies (D:6)
  22 goblins
  13 hobgoblins
  11 jackals
  36 kobolds
  10 quokkas
  3 giant cockroaches
  6 giant geckos
  A giant mite zombie (D:6)
  7 giant newts
  A hobgoblin skeleton (D:6)
  2 orc skeletons
  16 rats
  A rat skeleton (D:8)
  A briar patch (Swamp:4)
  3 fungi
581 creatures vanquished.

Vanquished Creatures (collateral kills)
  Asterion (Swamp:3)
  2 thorn hunters
  Agnes (Swamp:4)
  Maud (Lair:8)
  A stone giant (Orc:4)
  A deep elf demonologist (Elf:3)
  2 rakshasas (D:15)
  2 deep elf annihilators (Elf:3)
  Azrael (D:14)
  A deep elf death mage (Elf:3)
  A vault guard (D:14)
  2 blizzard demons (IceCv)
  3 ettins (Orc:4)
  3 fire dragons (Swamp:5)
  A minotaur (Lab)
  A deep elf high priest (Elf:3)
  19 hydras
  An ice dragon (D:14)
  3 shambling mangroves
  Erica (D:10)
  2 centaur warriors
  7 alligators
  12 dancing weapons (Elf:2)
  7 death yaks
  2 tengu warriors
  Urug (D:14)
  A catoblepas (Lair:8)
  Nergalle (D:10)
  A fire crab (Swamp:5)
  A hell knight (Elf:1)
  An orc high priest (Elf:3)
  17 deep elf knights
  Erolcha (D:10)
  6 ice devils (IceCv)
  4 skeletal warriors (D:12)
  A deep elf summoner (Elf:1)
  3 hill giants
  A mana viper (D:14)
  14 swamp dragons
  An ice statue (IceCv)
  A lindwurm (Swamp:5)
  5 orc knights (Bailey)
  7 cyclopes (Orc:4)
  A wizard (Elf:1)
  2 manticores (Lair:8)
  An oklob plant (Lair:8)
  4 ugly things (D:12)
  13 deep elf conjurers
  2 griffons (Lair:8)
  8 black mambas
  A red wasp (Swamp:2)
  Maurice (D:8)
  2 toenail golems (Volcano)
  4 elephants
  An eye of devastation (shapeshifter) (Elf:3)
  3 gargoyles
  6 komodo dragons
  19 spiny frogs
  2 demonic crawlers (Elf:1)
  3 kobold demonologists (D:13)
  4 fire drakes
  3 tengu conjurers (D:14)
  3 efreet
  A queen bee (Lair:5)
  14 blink frogs
  6 trolls
  A two-headed ogre (D:8)
  8 deep elf priests
  8 blue devils (IceCv)
  A giant leech (Swamp:2)
  Prince Ribbit (D:5)
  7 bog bodies
  14 slime creatures
  A minotaur skeleton (Lab)
  17 ravens
  A griffon zombie (D:14)
  6 basilisks
  A basilisk (shapeshifter) (Elf:3)
  4 wyverns
  A griffon skeleton (D:14)
  4 spriggans
  6 baby alligators
  5 trapdoor spiders
  12 deep elf magi
  37 yaks
  A hill giant zombie (D:9)
  6 ice beasts
  10 deep elf fighters
  6 fire elementals (D:14)
  3 humans
  2 wargs
  2 hungry ghosts (Lab)
  2 steam dragons
  3 hippogriffs
  3 mottled dragons
  41 vampire mosquitoes
  18 wolves
  28 swamp worms
  9 swamp drakes
  16 water moccasins
  A hell hound (D:14)
  3 ogres
  32 orc warriors
  A slave (D:7)
  6 porcupines
  2 necrophages
  7 yellow wasps
  13 centaurs
  2 sky beasts
  5 crocodiles
  2 big kobolds
  4 giant frogs
  7 insubstantial wisps (Swamp:1)
  A scorpion (D:10)
  An eye of draining (D:11)
  2 wights
  2 spriggan skeletons (Lab)
  9 electric eels
  36 killer bees
  A troll skeleton (Lab)
  A goliath beetle (D:8)
  A crimson imp (D:9)
  A jelly (D:11)
  A centaur skeleton (Lab)
  A giant frog skeleton (D:6)
  A hound (D:5)
  6 iguanas
  5 orc priests
  A quasit (D:13)
  An orange rat (Elf:1)
  7 orc wizards
  5 worker ants
  2 sheep (Lair:8)
  A mottled dragon skeleton (D:8)
  Terence (D:2)
  A mummy (D:10)
  8 gnolls
  4 adders
  31 green rats
  An orc zombie (D:9)
  3 shadow imps
  17 white imps
  A worm (D:2)
  6 ufetubi (IceCv)
  An electric eel skeleton (D:8)
  65 orcs
  4 goblins
  2 hobgoblins
  10 kobolds
  2 quokkas
  A ball python (D:5)
  A giant gecko (D:9)
  A giant gecko zombie (D:9)
  2 jackals
  A spectral orc (D:10)
  2 bushes (Lair:8)
  3 fungi
  3 plants
876 creatures vanquished.

Vanquished Creatures (others)
  17 hydras
  A death yak (Lair:5)
  8 lindwurms
  A deep elf knight (Elf:1)
  4 manticores
  35 mana vipers
  12 harpies
  69 ice beasts
  13 guardian golems
  A water elemental (Elf:2)
  A deep elf fighter (Elf:1)
  14 wolves
  17 wargs
  A water moccasin (Lair:8)
  A mottled dragon (Swamp:5)
  A slave (D:7)
  8 insubstantial wisps (Elf:2)
  5 hounds
  5 white imps
  3 ufetubi (IceCv)
  A hobgoblin (D:8)
  A quokka (D:2)
  4 fungi
  7 plants
230 creatures vanquished.

Grand Total: 1687 creatures vanquished

Notes
Turn   | Place    | Note
--------------------------------------------------------------
     0 | D:1      | PolkaDot, the Vampire Summoner, began the quest for the Orb.
     0 | D:1      | Reached XP level 1. HP: 13/13 MP: 3/3
   147 | D:1      | Reached XP level 2. HP: 8/19 MP: 1/4
   534 | D:1      | Reached skill level 5 in Summonings
   587 | D:1      | Reached XP level 3. HP: 18/24 MP: 6/6
   790 | D:1      | Learned a level 3 spell: Call Canine Familiar
   793 | D:1      | Learned a level 2 spell: Call Imp
   853 | D:2      | Noticed Terence
   902 | D:2      | Killed Terence
  1382 | D:2      | Reached XP level 4. HP: 28/30 MP: 0/7
  1875 | D:3      | Reached skill level 6 in Summonings
  2051 | D:3      | Noticed a crocodile
  2068 | D:3      | Killed a crocodile
  2068 | D:3      | Reached XP level 5. HP: 28/35 MP: 0/9
  2474 | D:3      | Noticed Natasha
  2484 | D:3      | Killed Natasha
  2607 | D:3      | Reached skill level 7 in Summonings
  2676 | D:3      | Noticed Jessica
  2716 | D:3      | Killed Jessica
  2723 | D:3      | Reached XP level 6. HP: 30/41 MP: 10/10
  3012 | D:5      | Entered Level 5 of the Dungeon
  3012 | D:5      | Found a white marble altar of Elyvilon.
  3021 | D:5      | Found a glowing golden altar of the Shining One.
  3028 | D:5      | Found an opulent altar of Gozag.
  3035 | D:5      | Found a burning altar of Makhleb.
  3426 | D:5      | Reached skill level 8 in Summonings
  3609 | D:5      | Reached XP level 7. HP: 46/46 MP: 12/12
  3844 | D:5      | Noticed Prince Ribbit
  3860 | D:5      | Killed Prince Ribbit
  3860 | D:5      | Reached skill level 9 in Summonings
  4657 | D:6      | Reached skill level 10 in Summonings
  4666 | D:6      | Found a snail-covered altar of Cheibriados.
  4675 | D:6      | Reached XP level 8. HP: 52/52 MP: 9/13
  4858 | D:6      | Found an iron altar of Okawaru.
  4996 | D:6      | Reached skill level 11 in Summonings
  5442 | D:6      | Found a basalt altar of Yredelemnul.
  5565 | D:7      | Noticed Pikel
  5577 | D:7      | Killed Pikel
  5581 | D:7      | Noticed Ijyb
  5587 | D:7      | Reached skill level 12 in Summonings
  5597 | D:7      | Killed Ijyb
  5661 | D:7      | Reached XP level 9. HP: 46/57 MP: 14/14
  5816 | D:7      | Found a shadowy altar of Dithmenos.
  6009 | D:7      | Found a staircase to the Ecumenical Temple.
  6018 | Temple   | Entered the Ecumenical Temple
  6083 | Temple   | Became a worshipper of Sif Muna the Loreminder
  6104 | D:7      | Learned a level 5 spell: Summon Mana Viper
  6290 | D:7      | Acquired Sif Muna's first power
  6290 | D:7      | Reached skill level 5 in Hexes
  7128 | D:7      | Learned a level 4 spell: Summon Guardian Golem
  7193 | D:8      | Noticed Maurice
  7205 | D:8      | Killed Maurice
  7573 | D:8      | Acquired Sif Muna's second power
  7762 | D:8      | Found a shadowy altar of Dithmenos.
  7910 | D:8      | Reached skill level 13 in Summonings
  7929 | D:8      | Found a staircase to the Lair.
  7950 | D:8      | Noticed a komodo dragon
  7984 | D:8      | Killed a komodo dragon
  7984 | D:8      | Reached XP level 10. HP: 58/63 MP: 0/16
  8020 | D:8      | Found Kliaja's Book Boutique.
  8087 | D:8      | Bought a book of Wizardry for 390 gold pieces
  8265 | D:8      | Noticed Masty's ghost (experienced TrBe)
  8333 | D:8      | Reached skill level 10 in Hexes
  8898 | D:8      | Found a shattered altar of Ashenzari.
  9035 | Lair:1   | Entered Level 1 of the Lair of Beasts
  9287 | Lair:1   | Noticed a four-headed hydra
  9328 | Lair:1   | Killed a four-headed hydra
  9328 | Lair:1   | Reached skill level 1 in Invocations
  9963 | Lair:1   | Learned a level 1 spell: Apportation
  9966 | Lair:1   | Learned a level 2 spell: Blink
 10395 | Lair:2   | Acquired Sif Muna's third power
 10395 | Lair:2   | Reached skill level 14 in Summonings
 10937 | Lair:2   | Reached XP level 11. HP: 68/68 MP: 22/22
 10954 | Lair:2   | Noticed a black mamba
 10965 | Lair:2   | Killed a black mamba
 10965 | Lair:2   | Reached skill level 1 in Translocations
 11715 | Lair:2   | Learned a level 4 spell: Summon Ice Beast
 11724 | Lair:2   | Noticed an eight-headed hydra
 11730 | Lair:2   | Killed an eight-headed hydra
 11968 | Lair:3   | Reached skill level 1 in Ice Magic
 12004 | Lair:3   | Noticed a seven-headed hydra
 12016 | Lair:3   | Killed a seven-headed hydra
 12016 | Lair:3   | Reached skill level 5 in Spellcasting
 12849 | Lair:4   | Found a hole to the Spider Nest.
 13019 | Lair:4   | Found a dark tunnel.
 13028 | Volcano  | Entered a volcano
 13435 | Lair:4   | Reached skill level 5 in Ice Magic
 13865 | Lair:4   | Received a gift from Sif Muna
 13868 | Lair:4   | Identified Sif Muna's Papyrus of the Floating Entourage {god gift} (Sif Muna gifted it to you on level 4 of the Lair of Beasts)
 13937 | Lair:4   | HP: 3/68 [poisoned by a trapdoor spider]
 14660 | Lair:4   | Found a staircase to the Swamp.
 14923 | Lair:4   | Reached XP level 12. HP: 52/74 MP: 13/26
 15409 | Lair:5   | Reached skill level 15 in Summonings
 16362 | Lair:5   | Learned a level 6 spell: Haste
 16512 | Lair:6   | Noticed an eight-headed hydra
 16529 | Lair:6   | Killed an eight-headed hydra
 16529 | Lair:6   | Reached skill level 1 in Charms
 17197 | Lair:6   | Noticed a seven-headed hydra
 17212 | Lair:6   | Killed a seven-headed hydra
 17893 | Lair:7   | Noticed a four-headed hydra
 17901 | Lair:7   | Killed a four-headed hydra
 18142 | Lair:7   | Found a sacrificial altar of Ru.
 18254 | Lair:7   | Reached skill level 5 in Charms
 18324 | Lair:7   | Received a gift from Sif Muna
 18325 | Lair:7   | Identified Sif Muna's Hermeneutics in Simple Steps {god gift} (Sif Muna gifted it to you on level 7 of the Lair of Beasts)
 18397 | Lair:7   | Noticed a six-headed hydra
 18405 | Lair:7   | Killed a six-headed hydra
 19296 | Lair:8   | Entered Level 8 of the Lair of Beasts
 19449 | Lair:8   | Noticed Maud
 19452 | Lair:8   | Noticed a seven-headed hydra
 19462 | Lair:8   | Killed Maud
 19464 | Lair:8   | Killed a seven-headed hydra
 19625 | Lair:8   | Reached XP level 13. HP: 79/79 MP: 4/29
 19651 | Lair:8   | Learned a level 3 spell: Regeneration
 20234 | Lair:8   | Noticed a four-headed hydra
 20543 | Lair:8   | Noticed a four-headed hydra
 20557 | Lair:8   | Killed a four-headed hydra
 20995 | Lair:8   | Found a viscous altar of Jiyva.
 20995 | Lair:8   | Found a staircase to the Slime Pits.
 21044 | Lair:8   | Received a gift from Sif Muna
 21045 | Lair:8   | Identified Fumaic's Tome of the Oath {god gift} (Sif Muna gifted it to you on level 8 of the Lair of Beasts)
 21804 | Lair:8   | Killed a four-headed hydra
 22529 | D:9      | Found a flagged portal.
 22556 | Bailey   | Entered a bailey
 22969 | D:9      | Found a stormy altar of Qazlal.
 23186 | D:9      | Reached skill level 16 in Summonings
 23190 | D:9      | Found a staircase to the Orcish Mines.
 23790 | D:10     | Entered Level 10 of the Dungeon
 23906 | D:10     | Found Poarch's Distillery.
 23916 | D:10     | Noticed Erolcha
 23934 | D:10     | Killed Erolcha
 23968 | D:10     | Noticed Erica
 23981 | D:10     | Killed Erica
 23981 | D:10     | Reached skill level 1 in Fighting
 24121 | D:10     | Found Cupeipt's Food Shoppe.
 24175 | D:10     | Found Ghouq's Antique Armour Shoppe.
 24268 | D:10     | Found Ucieckif's Armour Shop.
 24271 | D:10     | Found Jicac's Weapon Shop.
 24282 | D:10     | Noticed Nergalle
 24294 | D:10     | Killed Nergalle
 26332 | D:12     | Reached skill level 10 in Charms
 27038 | D:12     | Received a gift from Sif Muna
 27039 | D:12     | Identified Sif Muna's Compendium of Glamour and Confrontation {god gift} (Sif Muna gifted it to you on level 12 of the Dungeon)
 27328 | D:13     | Reached XP level 14. HP: 61/96 MP: 22/30
 27903 | D:13     | Reached skill level 5 in Fighting
 28709 | D:14     | Identified a scroll of acquirement
 28710 | D:14     | Got a smoking cloak
 28721 | D:14     | Identified the +2 cloak "Diumeuru" {+Inv Int+3 Curse} (You acquired it on level 14 of the Dungeon)
 28980 | D:14     | Noticed Azrael
 28996 | D:14     | Noticed Urug
 29000 | D:14     | Killed Azrael
 29007 | D:14     | Killed Urug
 29242 | D:14     | Identified a +0 rod of shadows (9/9) (You found it on level 14 of the Dungeon)
 29455 | D:14     | Learned a level 6 spell: Monstrous Menagerie
 30264 | D:14     | Found a gate to the Vaults.
 30373 | D:15     | Entered Level 15 of the Dungeon
 30525 | D:15     | Found a blossoming altar of Fedhas.
 31362 | Swamp:1  | Entered Level 1 of the Swamp
 32160 | Swamp:1  | Reached skill level 10 in Spellcasting
 33382 | Swamp:2  | Received a gift from Sif Muna
 33394 | Swamp:2  | Identified Ruddej's Compendium of Supportive Curses {god gift} (Sif Muna gifted it to you on level 2 of the Swamp)
 33745 | Swamp:2  | Learned a level 7 spell: Summon Hydra
 33822 | Swamp:3  | Noticed Asterion
 33826 | Swamp:3  | Noticed a spectral weapon
 33832 | Swamp:3  | Killed Asterion
 33879 | Swamp:3  | Reached skill level 5 in Invocations
 34498 | Swamp:3  | Reached skill level 17 in Summonings
 34758 | Swamp:3  | Found a glowing golden altar of the Shining One.
 34969 | Swamp:4  | Got an ancient cutlass
 34970 | Swamp:4  | Identified the cursed +0 cutlass "Paaxed" {freeze, -Tele +Inv rElec rPois} (You found it on level 4 of the Swamp)
 35556 | Swamp:4  | Reached XP level 15. HP: 74/103 MP: 12/33
 35656 | Swamp:4  | Got a polished cutlass
 35657 | Swamp:4  | Identified the +1 cutlass "Weed" {flame, rPois rN+ Dex+4 Int+1 Stlth+} (You found it on level 4 of the Swamp)
 35779 | Swamp:4  | Noticed a thorn hunter
 35785 | Swamp:4  | Killed a thorn hunter
 35823 | Swamp:4  | Noticed Agnes
 35830 | Swamp:4  | Killed Agnes
 36033 | Swamp:5  | Entered Level 5 of the Swamp
 36151 | Swamp:5  | Found a frozen archway.
 36202 | IceCv    | Entered an ice cave
 36941 | IceCv    | Reached skill level 1 in Shields
 37769 | Swamp:5  | Got a decaying rune of Zot
 38779 | Swamp:3  | Noticed a thorn hunter
 38789 | Swamp:3  | Killed a thorn hunter
 39242 | Orc:1    | Entered Level 1 of the Orcish Mines
 39553 | Orc:3    | Found a shimmering altar of Xom.
 39627 | Orc:4    | Entered Level 4 of the Orcish Mines
 39627 | Orc:4    | Found a labyrinth entrance.
 39639 | Orc:4    | Received a gift from Sif Muna
 39640 | Orc:4    | Identified Qaorus' Disquisition on Aid {god gift} (Sif Muna gifted it to you on level 4 of the Orcish Mines)
 39649 | Orc:4    | Found Cochaquum's Antique Armour Shoppe.
 39652 | Lab      | Entered a labyrinth
 39832 | Lab      | Reached skill level 18 in Summonings
 39951 | Lab      | Got a transparent amber ring
 39953 | Lab      | Identified the ring "Wofrebip" {-Tele Str+3 SInv} (You found it in a labyrinth)
 40030 | Lab      | Identified the Grimoire of the Turtledove
 40034 | Lab      | Identified a cursed +4 rod of clouds (11/11) (You found it in a labyrinth)
 40038 | Lab      | Got a faintly glowing trident
 40041 | Lab      | Identified the cursed -2 trident of the Endless March {elec, +Rage} (You found it in a labyrinth)
 40134 | Orc:4    | Bought a bronze leather armour for 175 gold pieces
 40145 | Orc:4    | Identified the cursed -8 leather armour "Usuok" {+Rage rPois Int-1 Curse} (You bought it in a shop on level 4 of the Orcish Mines)
 40236 | Orc:4    | Found a staircase to the Elven Halls.
 40247 | Orc:4    | Noticed Grum
 40267 | Orc:4    | Killed Grum
 40318 | Orc:4    | Found Threstrei's General Store.
 40348 | Orc:4    | Found Mocsut's Book Boutique.
 40378 | Orc:4    | Bought a book of the Dragon for 1260 gold pieces
 40636 | Orc:4    | Found Idwi's Antique Weapon Boutique.
 40827 | Elf:1    | Entered Level 1 of the Elven Halls
 41374 | Elf:1    | Reached skill level 5 in Shields
 42343 | Elf:2    | Reached XP level 16. HP: 20/110 MP: 4/34
 42537 | Elf:2    | Found Ghatzi's Antique Armour Boutique.
 42542 | Elf:2    | Bought a glowing helmet for 112 gold pieces
 42947 | Elf:2    | Learned a level 9 spell: Dragon's Call
 43337 | Elf:3    | Entered Level 3 of the Elven Halls
 43841 | Elf:3    | Noticed a Brimstone Fiend
 44016 | Elf:3    | Noticed a deep elf blademaster
 44016 | Elf:3    | Received a gift from Sif Muna
 44021 | Elf:3    | Killed from afar by a deep elf annihilator

Action                   |  1- 3 |  4- 6 |  7- 9 | 10-12 | 13-15 | 16-18 || total
-------------------------+-------+-------+-------+-------+-------+-------++-------
Melee: Unarmed           |    21 |       |       |       |       |       ||    21
       Spear             |   192 |     8 |       |       |       |       ||   200
       Halberd           |       |   237 |   250 |   279 |   526 |       ||  1292
       Demon trident     |       |       |       |       |   499 |    79 ||   578
 Fire: Shortbow          |       |     7 |   119 |   491 |   230 |       ||   847
       Longbow           |       |       |       |       |    83 |       ||    83
Throw: Throwing net      |       |       |       |       |     1 |       ||     1
 Cast: Summon Small Mamm |     5 |       |       |       |       |       ||     5
       Call Canine Famil |     4 |     6 |    18 |    45 |    36 |       ||   109
       Call Imp          |     3 |     6 |     9 |       |       |       ||    18
       Summon Mana Viper |       |       |     9 |   114 |   113 |    16 ||   252
       Summon Guardian G |       |       |       |    24 |    17 |       ||    41
       Summon Ice Beast  |       |       |       |   111 |   243 |       ||   354
       Blink             |       |       |       |     2 |     3 |       ||     5
       Regeneration      |       |       |       |       |    76 |     3 ||    79
       Monstrous Menager |       |       |       |       |    89 |       ||    89
       Summon Hydra      |       |       |       |       |   210 |    21 ||   231
       Apportation       |       |       |       |       |    18 |       ||    18
       Dragon's Call     |       |       |       |       |       |     3 ||     3
Invok: Channel Energy    |       |       |    20 |   339 |  1054 |    73 ||  1486
       Forget Spell      |       |       |       |       |       |     2 ||     2
 Abil: Bottle Blood      |       |    10 |    35 |    32 |   114 |    20 ||   211
       End Transformatio |       |       |       |       |     1 |       ||     1
       Bat Form          |       |       |       |       |     1 |       ||     1
Evoke: Wand              |       |       |     6 |     4 |    15 |     1 ||    26
  Use: Potion            |     4 |     6 |    37 |    67 |   138 |    37 ||   289
       Scroll            |       |    10 |    12 |    11 |    40 |     5 ||    78
 Stab: Sleeping          |     4 |     6 |     3 |     5 |     6 |       ||    24
       Distracted        |       |     1 |     3 |     4 |    10 |     2 ||    20
  Eat: Corpse            |    15 |    12 |       |    61 |   132 |     8 ||   228
